Map: Ruins of Seras

Players

土撥鼠肥宅

  • Race: Zerg Zerg
  • League: Gold

Javert - Winner!

  • Race: Zerg Zerg
  • League: Platinum

VOD

Have the link to the VOD?

Description

Time

  • Played on: Aug. 24, 2015, 1:10 a.m.
  • Length: 18:37
Show
View Real Time Build Order
Export as new Build Order

土撥鼠肥宅 Zerg 

Build Orders: Pool First, Lurkers 

Get SALT Encoding   

  12  0:02  Drone  
  13  0:09  Drone  
  14  0:18  Overlord  
  14  0:26  Extractor  
  13  0:37  Spawning Pool  
  13  0:40  Drone  
  13  0:44  Drone  
  13  0:49  Drone  
  15  0:58  Drone  
  16  1:07  Overlord  
  16  1:13  Drone  
  17  1:24  Queen  
  19  1:29  Metabolic Boost  
  19  1:35  Zergling x2  
  19  1:37  Zergling x2  
  21  1:48  Baneling Nest  
  21  1:50  Zergling x2  
  21  1:59  Zergling x2  
  22  2:08  Zergling x2  
  23  2:19  Zergling x2  
  24  2:31  Overlord  
  24  2:34  Hatchery  
  24  2:36  Zergling x2  
  24  2:39  Zergling x2  
  24  2:43  Baneling  
  24  2:44  Baneling  
  25  2:46  Baneling  
  25  2:47  Baneling  
  25  2:50  Baneling  
  25  2:55  Zergling x2  
  26  2:58  Drone  
  26  3:11  Drone x3  
  27  3:25  Drone  
  28  3:30  Roach Warren  
  27  3:38  Queen  
  27  3:39  Drone  
  30  3:42  Drone  
  30  3:45  Drone  
  26  4:00  Drone x3  
  29  4:13  Roach x4  
  37  4:20  Roach  
  37  4:21  Roach  
  41  4:28  Overlord  
  41  4:30  Roach  
  43  4:43  Overlord  
  43  4:44  Spine Crawler  
  43  4:45  Spine Crawler  
  41  4:48  Roach  
  43  4:54  Roach  
  43  4:58  Roach  
  47  5:04  Roach  
  49  5:11  Drone x4  
  49  5:13  Drone  
  54  5:16  Extractor  
  54  5:19  Spine Crawler  
  54  5:26  Roach x2  
  58  5:29  Drone x2  
  58  5:31  Overlord  
  60  5:40  Extractor  
  59  5:55  Roach x4  
  67  5:57  Drone  
  68  6:05  Overlord  
  68  6:19  Overlord  
  68  6:20  Overlord  
  68  6:25  Drone x3  
  70  6:26  Drone x4  
  75  6:33  Lair  
  75  6:35  Drone  
  76  6:44  Roach  
  78  6:51  Evolution Chamber  
  78  6:52  Hatchery  
  76  6:54  Evolution Chamber  
  76  6:59  Drone x4  
  76  7:00  Drone  
  80  7:06  Roach  
  80  7:07  Roach  
  84  7:10  Overlord  
  84  7:17  Zerg Missile Weapons Level 1  
  84  7:21  Zerg Ground Armor Level 1  
  84  7:28  Overlord x2  
  84  7:30  Drone  
  85  7:49  Ravager x3  
  85  7:50  Ravager x2  
  90  7:51  Overlord  
  90  7:52  Overlord x4  
  90  7:54  Drone  
  90  7:58  Drone  
  92  7:59  Overseer  
  92  8:10  Overlord x3  
  92  8:12  Drone x2  
  94  8:15  Roach  
  94  8:18  Roach  
  94  8:19  Roach  
  100  8:22  Roach  
  102  8:31  Roach x3  
  110  8:34  Roach  
  110  8:38  Glial Reconstitution  
  110  8:41  Roach  
  110  8:43  Roach  
  110  8:46  Roach  
  116  8:49  Roach  
  116  8:51  Roach  
  120  8:57  Roach  
  120  8:58  Roach x2  
  126  9:07  Roach x4  
  134  9:11  Roach x2  
  138  9:22  Roach x2  
  107  9:31  Roach x5  
  107  9:34  Roach  
  91  9:41  Drone x4  
  91  9:43  Roach  
  91  9:44  Roach  
  97  9:48  Extractor  
  97  9:49  Extractor  
  95  9:58  Roach x2  
  95  9:59  Roach x3  
  103  10:03  Roach x2  
  103  10:05  Roach  
  105  10:09  Drone  
  105  10:10  Drone  
  103  10:15  Roach x2  
  103  10:19  Extractor  
  106  10:26  Ravager x2  
  108  10:33  Drone x5  
  108  10:35  Roach x3  
  119  10:40  Hatchery, Roach x2  
  122  10:46  Roach  
  122  10:47  Roach  
  122  10:49  Queen  
  128  10:52  Roach  
  128  10:55  Ravager x3  
  115  11:09  Roach x2  
  115  11:10  Roach x5  
  99  11:17  Roach x2  
  99  11:28  Roach x3  
  99  11:31  Drone x2  
  99  11:32  Drone  
  108  11:33  Drone  
  108  11:35  Drone  
  110  11:41  Zerg Missile Weapons Level 2  
  110  11:42  Zerg Ground Armor Level 2  
  112  11:47  Hydralisk Den, Roach x2  
  112  11:49  Drone  
  114  11:58  Drone  
  114  11:59  Drone x6  
  121  12:01  Extractor  
  121  12:03  Lurker Den, Roach  
  121  12:04  Extractor  
  121  12:21  Hydralisk x3  
  121  12:22  Hydralisk  
  129  12:23  Hydralisk  
  129  12:26  Overseer  
  131  12:31  Hydralisk  
  131  12:32  Hydralisk  
  131  12:33  Hydralisk  
  137  12:44  Hydralisk x2  
  137  12:45  Hydralisk x3  
  137  12:46  Hydralisk  
  149  13:02  Hydralisk x5  
  159  13:05  Overlord  
  159  13:06  Overlord  
  159  13:23  Overlord x2  
  147  13:34  Lurker x5  
  147  13:35  Lurker x2  
  149  13:47  Roach x5  
  149  13:48  Roach x3  
  117  14:03  Roach x8  
  123  14:20  Hydralisk  
  123  14:21  Hydralisk x3  
  129  14:26  Drone x2  
  129  14:27  Drone x2  
  112  14:40  Drone x3  
  112  14:43  Roach x3  
  121  14:52  Hatchery  
  117  15:01  Lurker x2  
  119  15:08  Roach x5  
  119  15:09  Roach x3  
  137  15:14  Roach x3  
  137  15:19  Lurker  
  142  15:23  Drone x4  
  146  15:29  Extractor  
  146  15:32  Roach  
  146  15:33  Spine Crawler  
  146  15:34  Spine Crawler  
  146  15:35  Spine Crawler  
  144  15:36  Hatchery  
  144  15:42  Ravager x3  
  146  15:46  Roach x4  
  154  15:51  Roach x2  
  158  16:02  Roach x2  
  158  16:03  Roach x2  
  131  16:21  Ravager  
  131  16:22  Ravager  
  131  16:23  Ravager x3  
  136  16:36  Hydralisk x4  
  136  16:38  Roach x2  
  148  16:42  Roach  
  148  16:46  Roach x5  
  151  17:00  Drone  
  151  17:01  Drone  
  153  17:02  Roach x5  
  153  17:08  Roach x3  
  169  17:10  Roach  
  166  17:22  Roach x4  
  161  17:24  Roach  
  161  17:26  Roach  
  125  17:30  Roach x2  
  103  17:37  Roach  
Show
View Real Time Build Order
Export as new Build Order

Javert Zerg - Winner!

Build Orders: Pool First, Lurkers 

Get SALT Encoding   

  12  0:01  Drone  
  13  0:13  Overlord  
  13  0:20  Drone  
  14  0:31  Drone x2  
  17  0:35  Drone  
  17  0:50  Extractor  
  17  0:52  Spawning Pool  
  17  0:57  Drone  
  16  0:58  Drone  
  17  1:07  Drone  
  18  1:18  Drone  
  19  1:29  Drone  
  20  1:44  Drone  
  21  1:50  Roach Warren, Queen  
  22  1:57  Overlord  
  22  2:21  Overlord  
  22  2:28  Queen  
  24  2:31  Roach x2  
  24  2:34  Roach  
  30  2:48  Roach  
  32  2:58  Baneling Nest, Roach x3  
  37  3:23  Overlord  
  37  3:26  Drone  
  38  3:30  Extractor  
  37  3:38  Hatchery  
  36  3:47  Roach x3  
  42  3:58  Lair  
  42  4:02  Drone x3  
  45  4:18  Drone  
  46  4:29  Evolution Chamber  
  46  4:30  Zergling x2  
  46  4:53  Baneling x2  
  46  4:55  Roach x3  
  46  4:57  Zerg Missile Weapons Level 1, Glial Reconstitution  
  52  5:06  Overlord  
  52  5:21  Overlord  
  52  5:30  Drone x2  
  52  5:31  Drone x4  
  52  5:32  Hydralisk Den  
  57  5:36  Drone x2  
  57  5:41  Drone  
  60  5:45  Overseer  
  60  5:48  Drone  
  61  5:50  Drone  
  62  6:04  Drone  
  62  6:05  Drone x5  
  62  6:07  Lurker Den  
  62  6:10  Overlord  
  68  6:28  Extractor  
  68  6:29  Extractor  
  66  6:33  Ravager  
  66  6:34  Ravager x2  
  66  6:38  Drone x3  
  66  6:39  Drone x3  
  75  6:46  Ravager  
  76  6:48  Overlord  
  76  7:05  Overlord x2  
  76  7:17  Drone  
  76  7:18  Drone x6  
  83  7:25  Evolution Chamber, Overlord x2  
  82  7:31  Zerg Missile Weapons Level 2  
  82  7:33  Hydralisk x3  
  88  7:44  Overlord x2  
  88  7:50  Queen  
  90  7:54  Roach x3  
  96  8:01  Hatchery  
  95  8:10  Hydralisk x3  
  95  8:11  Hydralisk  
  103  8:19  Overlord  
  103  8:22  Zerg Ground Armor Level 1  
  103  8:23  Drone x4  
  107  8:43  Roach  
  107  8:44  Roach x3  
  115  8:52  Lurker x3  
  115  8:54  Extractor  
  115  8:55  Overlord x2  
  117  8:56  Hatchery  
  117  9:00  Extractor  
  115  9:11  Hydralisk x4  
  91  9:32  Roach  
  91  9:33  Roach x7  
  101  9:40  Hydralisk x2  
  105  9:47  Overlord x2  
  105  9:59  Overlord  
  105  10:00  Drone  
  105  10:01  Drone x5  
  106  10:15  Overlord  
  106  10:18  Drone x2  
  106  10:19  Drone x5  
  113  10:23  Lurker x2  
  113  10:24  Lurker x2  
  117  10:29  Roach  
  117  10:30  Roach  
  117  10:31  Drone  
  117  10:32  Drone  
  123  10:38  Drone x3  
  123  10:39  Drone  
  127  10:52  Roach  
  127  10:53  Roach x5  
  116  11:14  Drone  
  116  11:15  Drone x9  
  116  11:18  Extractor  
  125  11:19  Zerg Ground Armor Level 2, Extractor  
  121  11:28  Hydralisk x5  
  121  11:29  Hydralisk x2  
  135  11:33  Overlord x2  
  135  11:42  Lurker x2  
  135  11:47  Drone x7  
  144  11:58  Roach x7  
  144  12:01  Drone x3  
  161  12:07  Queen x2  
  165  12:10  Hydralisk  
  165  12:12  Pneumatized Carapace  
  167  12:17  Overseer x4  
  167  12:33  Drone x4  
  167  12:34  Overlord x2  
  171  12:38  Hatchery  
  171  12:39  Lurker x5  
  171  12:43  Queen  
  177  12:48  Roach x8  
  177  12:49  Roach  
  195  12:55  Spine Crawler  
  195  12:56  Spine Crawler x2  
  192  13:03  Overlord x2  
  192  13:04  Hydralisk  
  192  13:05  Hydralisk x3  
  200  13:09  Overlord  
  176  14:15  Roach  
  176  14:16  Roach x11  
  165  14:38  Hydralisk x15  
  138  14:39  Hydralisk x2  
  159  14:54  Hydralisk  
  159  14:55  Hydralisk x13  
  187  15:09  Lurker  
  187  15:11  Lurker x2  
  187  15:12  Lurker x5  
  195  15:21  Roach x2  
  197  15:23  Overlord x2  
  197  15:25  Overlord  
  199  15:29  Hatchery  
  199  15:30  Extractor, Muscular Augments  
  199  15:31  Extractor  
  199  15:34  Infestation Pit  
  195  15:40  Overlord x2  
  195  15:44  Hatchery  
  195  15:45  Extractor  
  195  15:46  Extractor  
  192  15:56  Overlord x2  
  172  16:18  Roach x6  
  168  16:19  Roach x11  
  194  16:35  Overlord x2  
  194  16:36  Roach x3  
  200  16:45  Overlord x2  
  143  17:37  Roach x5  
  143  17:38  Roach x15  
  181  17:46  Queen  
Tags
 
Add a new tag
Caveats
  • Supply blocks, unpowered buildings, or Contaminate may cause inaccurate times.
  • Supply counts are checked every 10 seconds.